 Dungeon Sprint DCSS version 0.31-a0-435-g2c6fae2916 (webtiles) character file.

Game seed: 13099588751961955648

6035 rocky1 the Brawler (level 10, -15/109 HPs)
             Began as an Ogre Shapeshifter on Aug 2, 2023.
             Was an Initiate of Gozag.
             Demolished by a freezing wraith (19 damage)
             ... in the Dungeon (Sprint VII: "The Pits").
             The game lasted 00:05:19 (1925 turns).

rocky1 the Brawler (Ogre Shapeshifter)              Turns: 1925, Time: 00:05:20

Health: -15/109    AC: 11    Str: 26    XL:     10   Next: 86%
Magic:  10/10      EV: 12    Int:  9    God:    Gozag
Gold:   1636       SH:  0    Dex: 11    Spells: 9/9 levels left

rFire   . .          .
                       - Unarmed
rCold   . . .        (no shield)
rNeg    . . .        p - +2 robe of the Sea {Str+3}
rPois   .            (helmet currently unavailable)
rElec   .            (cloak currently unavailable)
rCorr   .            (gloves unavailable)
SInv    .            (boots unavailable)
Will    +....        (no amulet)
Stlth   +++          h - +3 ring of protection
HPRegen 0.38/turn    m - +3 ring of protection
MPRegen 0.12/turn

%: no teleportation
@: beast-form, slowed, very slow
A: beast (slay +7), large, unfitting armour, tough skin 1
a: Begin Untransformation, Renounce Religion, Potion Petition, Call Merchant,
Bribe Branch


You were in the Dungeon.
You worshipped Gozag.
Gozag was most pleased with you.
You were a hulking beast.
You visited 1 branch You collected 3114 gold pieces.
You spent 312 gold pieces at shops.
You paid 1166 gold pieces to Gozag.

Inventory:

Armour
 p - the +2 robe of the Sea (worn) {Str+3}
   (You bought it in a shop in the Dungeon)

   Str:       It affects your strength (+3).
Jewellery
 h - a +3 ring of protection (left hand)
 m - a +3 ring of protection (right hand)
Talismans
 c - a beast talisman (active)
Scrolls
 i - a scroll of blinking
 k - 5 scrolls of amnesia
 l - a scroll of summoning
Potions
 b - a potion of lignification
 d - 5 potions of curing
 e - 5 potions of heal wounds
 f - 2 potions of haste
 g - 4 potions of magic
 j - a potion of invisibility
 n - a potion of might
 o - a potion of mutation


   Skills:
 + Level 9.6 Fighting
 + Level 8.5 Dodging
 + Level 5.6 Stealth
 * Level 17.0 Unarmed Combat
 - Level 10.2 Shapeshifting


You had 9 spell levels left.
You didn't know any spells.
Your spell library was empty.

Dungeon Overview and Level Annotations

Branches:
Dungeon (1/1)

Altars:
Ashenzari
Cheibriados
Dithmenos
Elyvilon
Fedhas
Gozag
Hepliaklqana
Kikubaaqudgha
Makhleb
Nemelex Xobeh
Okawaru
Qazlal
Ru
Sif Muna
Trog
Uskayaw
Vehumet
Wu Jian
Xom
Yredelemnul
Zin
The Shining One
Jiyva
Lugonu

Shops:
D [


Innate Abilities, Weirdness & Mutations

You are a hulking beast.
Your limbs bulge with bestial killing power. (Slay +7)
You are too large for most types of armour.
You have tough skin. (AC +1)


Message History

A freezing wraith is nearby!
You punch the freezing wraith!
The freezing wraith is lightly damaged.
You hit the freezing wraith.
The freezing wraith is moderately damaged.
A quokka zombie comes into view.
The freezing wraith hits you.
* * * LOW HITPOINT WARNING * * *
The freezing wraith freezes you!
* * * LOW HITPOINT WARNING * * *
The freezing wraith hits you but does no damage.
You feel much better.
The freezing wraith hits you but does no damage.
The freezing wraith hits you.
* * * LOW HITPOINT WARNING * * *
The freezing wraith drains your vigour!
You feel yourself slow down.
You punch the freezing wraith!
The freezing wraith is heavily damaged.
The freezing wraith hits you but does no damage.
The freezing wraith hits you.
* * * LOW HITPOINT WARNING * * *
The freezing wraith drains your vigour!
You feel as though you will be slow longer.
You hit the freezing wraith.
The freezing wraith is severely damaged.
The freezing wraith hits you.
* * * LOW HITPOINT WARNING * * *
The freezing wraith freezes you!!
* * * LOW HITPOINT WARNING * * *
The freezing wraith hits you but does no damage.
You feel much better. The freezing wraith misses you.
The freezing wraith hits you.
* * * LOW HITPOINT WARNING * * *
The freezing wraith drains your vigour!
You feel as though you will be slow longer.
The freezing wraith hits you!
* * * LOW HITPOINT WARNING * * *
The freezing wraith freezes you!!
You die...
Your body crumbles into a pile of gold.

.......##.)####$....##.
.......##...##......#.
#########....'......Z
#########...##......#
..#..[[##..####.....#
..#..[[##..##.##...## .
..'∩.))##..##..##.##
... ..#..))##..#
#..#$#.....
..#..))##..# ##.hW...#
############ ########


You could see a freezing wraith and a quokka zombie (wandering).

Vanquished Creatures
  A death yak (D)
  An orc knight (D)
  A lindwurm (D)
  2 orc sorcerers (D)
  A manticore (D)
  A cane toad (D)
  A gargoyle (D)
  A guardian mummy (D)
  2 hellwings (D)
  A hornet (D)
  A snapping turtle (D)
  2 wargs (D)
  An ice beast (D)
  3 orc warriors (D)
  2 black bears (D)
  6 wolves (D)
  A centaur (D)
  An ogre (D)
  2 bullfrogs (D)
  2 scorpions (D)
  A quasit (D)
  An orc priest (D)
  An iron imp (D)
  An orc wizard (D)
  A hell rat (D)
  2 gnolls (D)
  6 orcs (D)
  3 jackals (D)
  3 goblins (D)
52 creatures vanquished.

Notes
Turn   | Place    | Note
-------+----------+-------------------------------------------
     0 | D        | rocky1 the Ogre Shapeshifter began the quest for the Orb.
     0 | D        | Reached XP level 1. HP: 19/19 MP: 1/1
    18 | D        | Found a bloodstained altar of Trog.
    18 | D        | Found a shimmering blue altar of Sif Muna.
    18 | D        | Found a viscous altar of Jiyva.
    18 | D        | Found a hazy altar of Hepliaklqana.
    18 | D        | Found an opulent altar of Gozag.
    19 | D        | Found a glowing golden altar of the Shining One.
    19 | D        | Found a glowing silver altar of Zin.
    19 | D        | Found a basalt altar of Yredelemnul.
    19 | D        | Found a shimmering altar of Xom.
    19 | D        | Found an ornate altar of the Wu Jian Council.
    19 | D        | Found a sacrificial altar of Ru.
    19 | D        | Found a stormy altar of Qazlal.
    19 | D        | Found an iron altar of Okawaru.
    19 | D        | Found a sparkling altar of Nemelex Xobeh.
    19 | D        | Found a burning altar of Makhleb.
    19 | D        | Found a blossoming altar of Fedhas.
    19 | D        | Found a white marble altar of Elyvilon.
    19 | D        | Found a shadowy altar of Dithmenos.
    19 | D        | Found a snail-covered altar of Cheibriados.
    22 | D        | Found a corrupted altar of Lugonu.
    22 | D        | Found a radiant altar of Vehumet.
    23 | D        | Found an ancient bone altar of Kikubaaqudgha.
    23 | D        | Found a hide-covered altar of Uskayaw.
    23 | D        | Found a broken altar of Ashenzari.
    38 | D        | Became a worshipper of Gozag Ym Sagoz the Greedy
    76 | D        | Reached skill level 3 in Unarmed Combat
    76 | D        | Reached XP level 2. HP: 10/27 MP: 2/2
   245 | D        | Noticed a scorpion
   251 | D        | Killed a scorpion
   252 | D        | Reached skill level 4 in Unarmed Combat
   252 | D        | Reached skill level 5 in Shapeshifting
   252 | D        | Reached XP level 3. HP: 16/33 MP: 3/3
   252 | D        | Reached XP level 4. HP: 20/41 MP: 4/4
   261 | D        | Reached skill level 5 in Unarmed Combat
   464 | D        | Noticed a centaur
   471 | D        | Killed a centaur
   472 | D        | Reached skill level 6 in Unarmed Combat
   472 | D        | Reached XP level 5. HP: 33/50 MP: 5/5
   583 | D        | Reached skill level 7 in Unarmed Combat
   705 | D        | Noticed a warg
   709 | D        | Noticed an ogre
   712 | D        | Reached XP level 6. HP: 55/61 MP: 6/6
   722 | D        | Killed a warg
   723 | D        | Reached skill level 1 in Stealth
   723 | D        | Reached skill level 8 in Unarmed Combat
   729 | D        | Reached XP level 7. HP: 47/71 MP: 7/7
   731 | D        | Reached skill level 5 in Dodging
   731 | D        | Reached skill level 9 in Unarmed Combat
   958 | D        | Noticed a warg
   961 | D        | Killed a warg
   962 | D        | Reached skill level 5 in Fighting
   998 | D        | Noticed a lindwurm
  1005 | D        | Killed a lindwurm
  1006 | D        | Reached skill level 10 in Unarmed Combat
  1006 | D        | Reached XP level 8. HP: 56/84 MP: 8/8
  1016 | D        | Reached skill level 11 in Unarmed Combat
  1122 | D        | Noticed an orc knight
  1122 | D        | Noticed an orc sorcerer
  1130 | D        | Reached skill level 10 in Shapeshifting
  1138 | D        | Killed an orc sorcerer
  1139 | D        | Reached skill level 12 in Unarmed Combat
  1139 | D        | Reached XP level 9. HP: 10/94 MP: 9/9
  1166 | D        | Reached skill level 13 in Unarmed Combat
  1174 | D        | HP: 2/145 [orc knight/+0 glaive (25)]
  1178 | D        | Killed an orc knight
  1470 | D        | Bought the +2 robe of the Sea {Str+3} for 312 gold pieces
  1540 | D        | Noticed a gargoyle
  1546 | D        | Noticed a hellwing
  1550 | D        | Killed a gargoyle
  1551 | D        | Reached skill level 14 in Unarmed Combat
  1559 | D        | Killed a hellwing
  1560 | D        | Reached XP level 10. HP: 15/107 MP: 10/10
  1812 | D        | Noticed a cane toad
  1812 | D        | Noticed a death yak
  1824 | D        | Killed a cane toad
  1825 | D        | Reached skill level 15 in Unarmed Combat
  1847 | D        | Killed a death yak
  1848 | D        | Reached skill level 5 in Stealth
  1848 | D        | Reached skill level 16 in Unarmed Combat
  1872 | D        | Noticed a manticore
  1873 | D        | Noticed an orc sorcerer
  1877 | D        | Killed a manticore
  1884 | D        | Paralysed by an orc sorcerer for 5 turns
  1891 | D        | Killed an orc sorcerer
  1897 | D        | Reached skill level 17 in Unarmed Combat
  1924 | D        | HP: 2/109 [freezing wraith (22)]
  1925 | D        | Demolished by a freezing wraith

Illustrated notes

Levels and vault maps discovered:
D:        pitsprint [storerooms_1, entrance_room_1, metal_vault_3, armoury_1,
          mini_pit_1, grid_room_1, main_hall_1, silver_pit, the_coven_1,
          the_vestibule_1, steel_vault_2, golden_pit, hallway_of_sentries,
          crystal_vault_4, iron_vault_2, final_vault]

Skill      XL: |  1  2  3  4  5  6  7  8  9 10 |
---------------+-------------------------------+-----
Dodging        | 2 3 4 6 7 8 |  8.5
Unarmed Combat | 3 4 6 7 8 10 12 14 17 | 17.0
Shapeshifting  | 4 5 6 7 8 9 10 | 10.2
Fighting       | 2 3 4 6 7 9 |  9.6
Stealth        | 1 2 3 4 5 |  5.6

Action                     |  1- 3 |  4- 6 |  7- 9 | 10-12 || total
---------------------------+-------+-------+-------+-------++-------
  Melee: Unarmed           |    10 |    45 |    80 |    44 ||   179
         Punch             |       |     1 |     5 |     5 ||    11
 Invoke: Potion Petition   |       |       |     1 |       ||     1
         Call Merchant     |       |       |     1 |       ||     1
    Use: Potion            |       |     2 |     9 |     3 ||    14
   Stab: Distracted        |       |       |     1 |       ||     1
         Invisible         |       |       |       |     5 ||     5
 Armour: Animal skin       |     1 |     4 |    11 |       ||    16
         Robe              |       |       |     4 |    10 ||    14
  Dodge: Dodged            |     5 |    27 |    47 |    23 ||   102

Table legend: (Time is in decaauts)
 A = Elapsed time spent in this place.
 B = Non-inter-level travel time spent in this place.
 C = Inter-level travel time spent in this place.
 D = Time resting spent in this place.
 E = Time spent auto-exploring this place.
 F = Levels seen in this place.
 G = Mean time per level.
                   A        B        C        D        E       F      G
               +--------+--------+--------+--------+--------+-----+--------+
         Total |   1924 |   1883 |     41 |   1360 |      0 |   1 | 1924.0 |
       Dungeon |   1924 |   1883 |     41 |   1360 |      0 |   1 | 1924.0 |
               +--------+--------+--------+--------+--------+-----+--------+

Top non-repeatable levels by time:
       D: 1924 daAuts
